AoeStats
← TheHuisman

Arabia

509494058Analyzed
1v1 RM · 4d ago on Sep 27, 2026· 23m 12s· 2 players
Game mode
Random Map
Map size
Tiny (2 player)
Population
200
Speed
Normal
Resources
Standard
Victory
Conquest
Starting age
Dark Age
Ending age
Imperial Age
RankedLock teamsTeams togetherTeam positionsShared explorationLock speedFull tech treeHidden civsTurbo modeCheats
Victory
Defeat
🇦🇷 Japanese · Argentina
1066
+18
🇨🇴 Mongols · Colombia
1113
-18
FC_Jp173
5:38 Loom
8:01 Feudal Age
14:56 Double-Bit Axe
20:28 Castle Age
18:53 Fletching
21:03 Bloodlines
21:15 Gold Mining
21:12 Horse Collar
22:49 Bow Saw
TheHuisman
6:29 Loom
8:40 Feudal Age
7:32 Loom
10:13 Arson
11:42 Town Watch
11:27 Man-at-Arms
13:21 Wheelbarrow
19:45 Castle Age
18:59 Forging
18:50 Scale Mail Armor
19:19 Stone Mining
Connection lost

Rejoining the realm…

Still unreachable

The connection could not be restored.

Session expired

The server has moved on; the page needs a fresh start.